AoeStats
← ViChoc

Black Forest

510477479Analyzed
4v4 RM · 13h ago on Oct 1, 2026· 51m 28s· 8 players
Game mode
Random Map
Map size
Large (8 player)
Population
200
Speed
Normal
Resources
Standard
Victory
Conquest
Starting age
Dark Age
Ending age
Imperial Age
RankedLock teamsTeams togetherTeam positionsShared explorationLock speedFull tech treeHidden civsTurbo modeCheats
Victory
Defeat
🇨🇳 Mongols · China
1126
+17
🇹🇼 Danes · Taiwan
1123
+17
🇮🇳 Romans · India
1110
+18
🇹🇼 Spanish · Taiwan
1041
+20
🇨🇳 Tatars · China
1198
-20
🇬🇹 Byzantines · Guatemala
1166
-19
🇺🇸 Muisca · United States
1154
-18
🇪🇪 Franks · Estonia
1077
-15
dipsh*t
0:51 Loom
13:15 Feudal Age
18:03 Castle Age
16:00 Horse Collar
16:10 Double-Bit Axe
16:18 Gold Mining
19:13 Fletching
24:10 Squires
26:08 Bow Saw
26:00 Heavy Plow
29:05 Wheelbarrow
28:28 Bodkin Arrow
29:12 Gold Shaft Mining
35:05 Imperial Age
33:25 Padded Archer Armor
33:52 Ballistics
35:29 Hand Cart
35:21 Caravan
35:18 Heavy Scorpion
37:53 Chemistry
37:25 Pikeman
38:22 Leather Archer Armor
38:18 Forging
38:08 Scale Mail Armor
38:18 Halberdier
40:25 Onager
44:01 Capped Ram
45:34 Ring Archer Armor
46:46 Conscription
46:30 Siege Ram
50:20 Siege Engineers
50:26 Masonry
MaxC
2:41 Loom
12:26 Feudal Age
15:57 Castle Age
15:28 Stone Mining
15:32 Double-Bit Axe
19:31 Bow Saw
20:51 Wheelbarrow
21:44 Horse Collar
22:05 Horse Collar
22:28 Gold Mining
23:14 Heavy Plow
29:24 Imperial Age
30:29 Stone Shaft Mining
31:09 Two-Man Saw
29:54 Cavalier
30:45 Bloodlines
31:04 Hand Cart
33:41 Scale Barding Armor
34:28 Pikeman
37:13 Husbandry
38:13 Chain Barding Armor
38:04 Forging
37:56 Town Watch
42:33 Caravan
43:46 Fervor
43:58 Sanctity
44:15 Plate Barding Armor
44:48 Iron Casting
43:39 Halberdier
44:35 Fletching
45:17 Scale Mail Armor
48:00 Block Printing
47:56 Redemption
48:22 Theocracy
48:49 Blast Furnace
48:59 Padded Archer Armor
48:55 Bodkin Arrow
49:38 Coinage
49:20 Guilds
50:30 Inquisition
50:51 Conscription
50:46 Paladin
51:53 Leather Archer Armor
redwolfliu
4:50 Loom
11:01 Feudal Age
12:00 Double-Bit Axe
11:58 Horse Collar
15:04 Castle Age
15:20 Wheelbarrow
16:08 Bow Saw
16:02 Heavy Plow
17:07 Heavy Plow
20:31 Stone Mining
21:15 Gold Mining
28:36 Imperial Age
26:36 Hand Cart
26:58 Gold Shaft Mining
27:01 Stone Shaft Mining
27:04 Fletching
28:20 Scale Barding Armor
28:27 Bloodlines
28:14 Bodkin Arrow
29:29 Chain Barding Armor
29:10 Padded Archer Armor
29:23 Forging
30:19 Conscription
30:13 Husbandry
29:37 Light Cavalry
30:18 Bracer
30:55 Iron Casting
31:23 Chemistry
30:25 Hussar
31:58 Parthian Tactics
32:07 Thumb Ring
32:30 Ballistics
33:07 Elite Mangudai
33:49 Padded Archer Armor
34:53 Blast Furnace
36:27 Leather Archer Armor
36:29 Caravan
39:08 Siege Engineers
41:18 Coinage
42:23 Drill
42:18 Masonry
42:13 Nomads
44:08 Capped Ram
47:02 Siege Ram
yayagaga
7:03 Loom
13:13 Feudal Age
15:38 Double-Bit Axe
15:35 Horse Collar
18:41 Castle Age
20:06 Bow Saw
20:20 Gold Mining
20:20 Stone Mining
23:10 Wheelbarrow
22:20 Town Watch
22:43 Heavy Plow
23:20 Gold Shaft Mining
24:58 Stone Shaft Mining
26:26 Coinage
28:29 Hand Cart
29:44 Scale Mail Armor
29:54 Forging
29:45 Scale Mail Armor
29:55 Forging
30:43 Squires
31:07 Chain Mail Armor
33:33 Imperial Age
32:52 Iron Casting
32:08 Fletching
32:30 Masonry
32:42 Ballistics
32:26 Hamask
33:47 Arson
34:53 Conscription
33:54 Elite Jomsviking
35:06 Plate Mail Armor
35:36 Blast Furnace
35:07 Plate Mail Armor
35:37 Blast Furnace
35:07 Plate Mail Armor
34:49 Elite Varangian Guard
35:54 Gambesons
36:19 Bodkin Arrow
36:33 Capped Ram
37:59 Siege Ram
38:37 Pikeman
39:53 Caravan
40:24 Banking
39:57 Bracer
39:52 Onager
40:02 Halberdier
41:15 Siege Onager
45:01 Siege Engineers
45:45 Hoardings
45:31 Northmen's Fury
maxokol
11:04 Feudal Age
12:29 Double-Bit Axe
16:18 Castle Age
15:38 Scale Barding Armor
15:28 Gold Mining
17:09 Loom
21:01 Town Watch
23:47 Forging
26:45 Bow Saw
31:22 Imperial Age
30:05 Iron Casting
29:31 Stone Mining
31:05 Chain Barding Armor
31:31 Cavalier
32:47 Plate Barding Armor
32:38 Conscription
35:39 Blast Furnace
35:37 Paladin
36:18 Husbandry
38:25 Hoardings
38:09 Elite Throwing Axeman
38:52 Scale Mail Armor
38:42 Fletching
40:10 Gold Shaft Mining
40:30 Chain Mail Armor
40:27 Squires
42:01 Masonry
41:57 Siege Engineers
42:13 Ballistics
44:21 Caravan
45:08 Architecture
45:39 Chemistry
44:58 Bodkin Arrow
45:34 Plate Mail Armor
49:51 Murder Holes
ViChoc
0:27 Loom
11:34 Feudal Age
19:07 Castle Age
17:05 Double-Bit Axe
24:29 Imperial Age
24:51 Wheelbarrow
26:39 Chemistry
25:33 Elite Skirmisher
28:31 Fervor
44:26 Treadmill Crane
49:17 Fortified Wall
2486436235
11:05 Feudal Age
12:17 Feudal Age
13:05 Double-Bit Axe
13:04 Horse Collar
13:30 Loom
15:55 Castle Age
17:04 Bow Saw
21:03 Wheelbarrow
23:23 Hand Cart
23:54 Heavy Plow
23:54 Loom
24:56 Gold Mining
26:39 Gold Shaft Mining
25:59 Stone Mining
27:04 Caravan
31:08 Imperial Age
28:21 Treadmill Crane
30:07 Masonry
30:22 Forging
30:17 Scale Barding Armor
30:19 Fletching
30:48 Husbandry
31:00 Bloodlines
31:00 Scale Barding Armor
30:57 Town Watch
31:11 Murder Holes
31:40 Ballistics
31:18 Light Cavalry
32:03 Silk Armor
32:47 Iron Casting
32:34 Chain Barding Armor
32:10 Bodkin Arrow
32:18 Devotion
33:25 Chemistry
33:45 Crop Rotation
32:56 Elite Keshik
33:51 Timurid Siegecraft
34:04 Conscription
33:40 Elite Steppe Lancer
35:24 Guilds
35:45 Coinage
37:13 Hussar
44:18 Onager
45:58 Siege Engineers
47:00 Blast Furnace
46:38 Plate Barding Armor
46:32 Elite Skirmisher
46:37 Heavy Camel Rider
LastManStandin_1
6:00 Loom
14:27 Feudal Age
19:18 Castle Age
18:13 Horse Collar
18:20 Double-Bit Axe
20:58 Forging
21:48 Squires
23:45 Crossbowman
24:25 Gold Mining
25:01 Fletching
26:16 Horse Collar
28:17 Wheelbarrow
29:24 Stone Mining
29:47 Bodkin Arrow
34:12 Imperial Age
32:27 Heavy Plow
32:40 Bow Saw
35:02 Arbalester
36:10 Bracer
36:10 Padded Archer Armor
37:05 Ballistics
37:46 Chemistry
39:00 Leather Archer Armor
39:42 Hand Cart
39:02 Pikeman
39:43 Squires
40:37 Onager
46:46 Scale Mail Armor
48:38 Iron Casting
48:25 Chain Mail Armor
51:14 Iron Casting
50:54 Chain Mail Armor
Connection lost

Rejoining the realm…

Still unreachable

The connection could not be restored.

Session expired

The server has moved on; the page needs a fresh start.